 Dungeon Crawl Stone Soup version 0.29.1-2-gbd0b4ee654 (webtiles) character file.

Game seed: 9519847703323166479

41 Icepheonix32 the Trooper (level 3, 0/29 (34) HPs)
             Began as a Minotaur Fighter on Oct 26, 2022.
             Slain by Terence
             ... wielding the +7 Throatcutter {drain, coup de grace}
              (5 damage)
             ... on level 2 of the Dungeon.
             The game lasted 00:00:49 (1041 turns).

Icepheonix32 the Trooper (Minotaur Fighter)         Turns: 1041, Time: 00:00:50

HP:   0/29 (34)     AC:  7    Str: 20    XL:     3   Next: 32%
MP:   2/2           EV:  9    Int:  7    God:
Gold: 94            SH:  4    Dex:  9    Spells: 2/2 levels left

rFire   . . .      SeeInvis .   a - +0 war axe
rCold   . . .      Faith    .   c - +0 buckler
rNeg    . . .      Spirit   .   b - +0 scale mail
rPois   .          Reflect  .   (helmet restricted)
rElec   .          Harm     .   (no cloak)
rCorr   .          Rampage  .   (no gloves)
Will    .....                   (no boots)
Stlth   ..........              (no amulet)
HPRegen 0.09/turn               (no ring)
MPRegen 0.08/turn               (no ring)

@: mighty, heavily drained
A: horns 2, retaliatory headbutt
a: no special abilities


You were on level 2 of the Dungeon.
You visited 1 branch of the dungeon, and saw 2 of its levels.

You collected 94 gold pieces.

Inventory:

Hand Weapons
 a - a +0 war axe (weapon)
Armour
 b - a +0 scale mail (worn)
 c - a +0 buckler (worn)
Scrolls
 e - a scroll of magic mapping {unknown}
 f - a scroll of teleportation {unknown}
 h - a scroll of noise {unknown}
 i - a scroll of enchant weapon {unknown}
Potions
 g - a potion of haste {unknown}
 j - a potion of mutation {unknown}
 k - a potion of curing {unknown}


   Skills:
 * Level 4.6 Fighting
 + Level 2.6 Axes
 + Level 4.0 Armour
 + Level 4.0 Shields


You had 2 spell levels left.
You didn't know any spells.
Your spell library contained the following spells:

 Spells                   Type           Power      Damage    Failure   Level
 Animate Armour           Summ/Erth      0%         N/A       100%        4
 Summon Lightning Spire   Summ/Air       0%         N/A       100%        4
 Summon Forest            Summ/Tloc      0%         N/A       100%        5
 Summon Mana Viper        Hex/Summ       0%         N/A       100%        5


Dungeon Overview and Level Annotations

Branches:
Dungeon (2/15)

Altars:

Annotations:
D:2 Terence


Innate Abilities, Weirdness & Mutations

You have a pair of horns on your head.
You reflexively headbutt those who attack you in melee.


Message History

HP restored.
You see here a bat corpse.
Found 5 stones.
No target in view!
Found a stone staircase leading up.
No target in view!
Found a stone staircase leading down.
No target in view!
Terence the Incautious comes into view.
He is wielding the +7 Throatcutter {drain, coup de grace}.
Terence shouts!
Terence is nearby!
You feel very mighty all of a sudden.
An adder comes into view.
Terence asks, "Do you want it fast or slow?"
You have nothing you can fire or use right now.
Unknown command.
Terence looks scornfully at you.
You barely miss Terence.
Terence hits you with the +7 Throatcutter {drain, coup de grace}!
You feel drained.
Terence hits you with the +7 Throatcutter {drain, coup de grace}!
You feel drained.
You barely miss Terence.
Terence hits you with the +7 Throatcutter {drain, coup de grace}.
* * * LOW HITPOINT WARNING * * *
You feel drained.
You closely miss Terence. Terence barely misses you. You furiously retaliate!
You headbutt Terence.
Unknown command.
You closely miss Terence. Your headbutt misses Terence.
Terence is moderately wounded.
Terence barely misses you.
Terence hits you with the +7 Throatcutter {drain, coup de grace}.
* * * LOW HITPOINT WARNING * * *
You feel drained.
Unknown command.
You closely miss Terence.
Terence is moderately wounded.
Terence hits you with the +7 Throatcutter {drain, coup de grace}.
You die...

... ... #.# #.#
#># #S# # #@### #
#.##@..# #
#......# #
#####..# # #..# #
#..# # #..# #####
#..##########....
#..<.............
#...#########.###


You could see Terence and an adder.

Vanquished Creatures
  A gnoll (D:1)
  An adder (D:2)
  A dart slug (D:1)
  2 endoplasms (D:1)
  A giant cockroach (D:1)
  2 hobgoblins (D:1)
  2 kobolds (D:1)
  A quokka (D:1)
  4 ball pythons (D:1)
  2 bats
  4 rats
21 creatures vanquished.

Notes
Turn   | Place    | Note
-------+----------+-------------------------------------------
     0 | D:1      | Icepheonix32 the Minotaur Fighter began the quest for the
                  | Orb.
     0 | D:1      | Reached XP level 1. HP: 19/19 MP: 0/0
     6 | D:1      | Noticed a lindwurm
     6 | D:1      | Noticed a rime drake
     7 | D:1      | Noticed a salamander
     7 | D:1      | Noticed a snapping turtle
    37 | D:1      | Reached XP level 2. HP: 27/27 MP: 1/1
   500 | D:1      | Found a faded altar of an unknown god.
   671 | D:1      | Reached XP level 3. HP: 29/34 MP: 2/2
   787 | D:1      | Got Wubbex's Spellbook of the Meadowlark
  1032 | D:2      | Noticed Terence
  1041 | D:2      | Slain by Terence

Illustrated notes

Levels and vault maps discovered:
D:1:      onia_arrival_zoo_common, layout_basic,
          shapermc_ecumenical_altar_flowoftime
D:2:      layout_loops_ring, serial_shops, nicolae_shop_crystal,
          amcnicky_mini_rare_corridor_liquid, uniq_crazy_yiuf_cottage,
          uniq_terence, uniq_jessica

Skill      XL: |  1  2 |
---------------+-------+-----
Fighting       | 4 |  4.6
Armour         | 4 |  4.0
Shields        | 4 |  4.0
Axes           | |  2.6

Action                   || total
-------------------------++-------
Melee: War axe           ||    46
       Headbutt          ||     6
  Use: Potion            ||     1
Armor: Scale mail        ||    17
Dodge: Dodged            ||    23
Block: Buckler           ||    11
